 Dungeon Crawl Stone Soup version 0.27.1-1-g398f81649c (webtiles) character file.

Game seed: 5129839273360131160

135 Kala the Insei (level 5, -3/45 HPs)
             Began as a Naga Transmuter on Sept 8, 2021.
             Slain by an orc priest (4 damage)
             ... on level 3 of the Dungeon.
             The game lasted 00:09:05 (3361 turns).

Kala the Insei (Naga Transmuter)                    Turns: 3361, Time: 00:09:06

Health: -3/45      AC:  2    Str: 12    XL:     5   Next: 18%
Magic:  8/8        EV: 10    Int: 14    God:
Gold:   82         SH:  0    Dex: 12    Spells: 3/9 levels left

rFire    . . .     SeeInvis +     - Unarmed
rCold    . . .     Faith    .   (no shield)
rNeg     . . .     Spirit   .   a - +0 robe
rPois    +         Reflect  .   (helmet currently unavailable)
rElec    .         Harm     .   (no cloak)
rCorr    .         Rampage  .   (no gloves)
Will     .....                  (no barding)
Stlth    ++........             (no amulet)
HPRegen  0.15/turn              n - ring of flight
MPRegen  0.11/turn              (no ring)

@: appendages (expiring), flying, very slow
A: horns 2, AC +1, large, see invisible, deformed body, poison resistance,
slowness 2, spit poison 1, naga tail 1
a: Spit Poison, End Transformation


You were on level 3 of the Dungeon.
You had temporarily grown beastly horns.
You visited 1 branch of the dungeon, and saw 3 of its levels.

You collected 82 gold pieces.

Inventory:

Armour
 a - a +0 robe (worn)
 e - a +0 leather armour
 g - a +0 helmet (melded)
Jewellery
 n - a ring of flight (left hand)
 o - an amulet of guardian spirit
Scrolls
 b - 4 scrolls of enchant weapon {unknown}
 c - a scroll of amnesia {unknown}
 d - a scroll of fog {unknown}
 h - 5 scrolls of identify {unknown}
 k - a scroll of magic mapping {unknown}
Potions
 f - 2 potions of attraction {unknown}
 i - a potion of lignification {unknown}
 j - a potion of haste {unknown}
 l - a potion of resistance {unknown}
 m - a potion of cancellation {unknown}
 p - a potion of ambrosia {unknown}
 q - 2 potions of curing {unknown}


   Skills:
 + Level 1.8 Fighting
 + Level 2.0 Dodging
 + Level 2.1 Stealth
 + Level 3.4 Unarmed Combat
 + Level 2.5 Spellcasting
 * Level 3.2 Transmutations
 + Level 1.6 Poison Magic


You had 3 spell levels left.
You knew the following spells:

 Your Spells              Type           Power      Damage    Failure   Level
a - Beastly Appendage     Tmut           20%        N/A       6%          1
b - Spider Form           Tmut/Pois      4%         N/A       26%         3
c - Wereblood             Tmut           10%        N/A       10%         2

Your spell library contained the following spells:

 Spells                   Type           Power      Damage    Failure   Level
 Slow                     Hex            1%         N/A       34%         2
 Confusing Touch          Hex            1%         N/A       56%         3
 Vampiric Draining        Necr           0%         2d6       56%         3
 Ice Form                 Ice/Tmut       6%         N/A       75%         4


Dungeon Overview and Level Annotations

Branches:
Dungeon (3/15)

Altars:
The Shining One


Innate Abilities, Weirdness & Mutations

You have temporarily grown beastly horns.
Your serpentine skin is tough. (AC +1)
You have supernaturally acute eyesight. (SInv)
Armour fits poorly on your strangely shaped body.
Your system is resistant to poisons. (rPois)
You cover ground very slowly.
You can spit poison.
You have a snake-like lower body.


Message History

The orc priest barely misses you. The orc wizard misses you.
You hit the orc wizard.
The orc wizard is almost dead.
The orc wizard looks more healthy.
The orc priest hits you with a +0 club.
The orc wizard casts a spell.
The orc wizard flickers and vanishes for a moment.
You closely miss the orc wizard.
The orc wizard is almost dead.
The orc priest begins to cast a cantrip, but forgets the words!
The orc wizard hits you with a +0 dagger.
* * * LOW HITPOINT WARNING * * *
You closely miss the orc wizard. Your headbutt misses the orc wizard.
The orc wizard is almost dead.
Your transformation is almost over.
The orc wizard barely misses you. The orc priest barely misses you.
You barely miss the orc wizard. Your headbutt misses the orc wizard.
You punch the orc wizard.
The orc wizard is almost dead.
The orc priest hits you with a +0 club.
* * * LOW HITPOINT WARNING * * *
The orc wizard hits you but does no damage.
You closely miss the orc wizard.
The orc wizard is almost dead.
The orc priest hits you with a +0 club.
* * * LOW HITPOINT WARNING * * *
The orc wizard hits you with a +0 dagger.
* * * LOW HITPOINT WARNING * * *
You closely miss the orc wizard.
The orc wizard is almost dead.
The orc priest hits you with a +0 club.
* * * LOW HITPOINT WARNING * * *
The orc wizard hits you with a +0 dagger.
* * * LOW HITPOINT WARNING * * *
You hit the orc wizard but do no damage.
The orc wizard is almost dead.
The orc priest barely misses you. The orc wizard closely misses you.
You completely miss the orc wizard.
The orc wizard is almost dead.
The orc priest hits you with a +0 club.
You die...

##########........#
...........########
######.#..# #.#†.#
#.##.#
########.##.#
.........##..
.........##...
........@##...
........oooo....
.........##...#.
..######.# #.# .
... .. ... ...
#...#


You could see an orc priest, an orc wizard (invisible) and 2 orcs.

Vanquished Creatures
  9 adders
  3 dart slugs (D:1)
  9 ball pythons
  An endoplasm (D:1)
  2 giant cockroaches
  A goblin (D:1)
  6 hobgoblins
  2 jackals (D:2)
  3 kobolds
  A quokka (D:2)
  4 bats
  6 frilled lizards
  7 rats
54 creatures vanquished.

Notes
Turn   | Place    | Note
-------+----------+-------------------------------------------
     0 | D:1      | Kala the Naga Transmuter began the quest for the Orb.
     0 | D:1      | Reached XP level 1. HP: 18/18 MP: 3/3
    81 | D:1      | Reached XP level 2. HP: 21/25 MP: 3/5
   165 | D:1      | Reached skill level 1 in Stealth
   591 | D:1      | Reached XP level 3. HP: 31/31 MP: 4/6
   783 | D:1      | Learned a level 3 spell: Spider Form
   786 | D:1      | Learned a level 2 spell: Wereblood
  1430 | D:2      | Found a faded altar of an unknown god.
  1627 | D:2      | Reached skill level 1 in Poison Magic
  1687 | D:2      | Reached XP level 4. HP: 29/38 MP: 5/7
  2681 | D:2      | Found a glowing golden altar of the Shining One.
  3001 | D:2      | Reached XP level 5. HP: 39/45 MP: 8/8
  3359 | D:3      | HP: 2/45 [orc priest (2)]
  3361 | D:3      | Slain by an orc priest

Illustrated notes

Levels and vault maps discovered:
D:1:      erik_arrival_cave_to_civilisation [erik_arrival_cave_to_hall],
          layout_loops_ring
D:2:      layout_loops_ring, hellmonk_ecumenical_altar_zigzags, basic_altar,
          minmay_snake_closets
D:3:      layout_basic, uniq_natasha, uniq_jessica

Skill      XL: |  1  2  3  4 |
---------------+-------------+-----
Stealth        | 1 2 |  2.1
Poison Magic   | 1 |  1.6
Transmutations | 3 |  3.2
Dodging        | 2 |  2.0
Fighting       | |  1.8
Unarmed Combat | |  3.4
Spellcasting   | |  2.5

Action                   |  1- 3 |  4- 6 || total
-------------------------+-------+-------++-------
Melee: Unarmed           |    58 |    75 ||   133
       Headbutt          |     7 |     6 ||    13
       Punch             |       |     2 ||     2
 Cast: Beastly Appendage |    20 |    12 ||    32
 Abil: Spit Poison       |    25 |    12 ||    37
Armor: Robe              |     7 |    14 ||    21
Dodge: Dodged            |    36 |    42 ||    78
